 Dungeon Crawl Stone Soup version 0.17.1-1-g73c8601 (webtiles) character file.

105 fredomojojo the Bolt Thrower (level 5, -7/30 HPs)
             Began as a Kobold Hunter on Dec 22, 2015.
             Mangled by DEFE's ghost (11 damage)
             ... on level 3 of the Dungeon.
             The game lasted 00:18:15 (1634 turns).

fredomojojo the Bolt Thrower (Kobold Hunter)        Turns: 1634, Time: 00:18:16

Health: -7/30      AC:  3    Str: 10    XL:     5   Next: 9%
Magic:  5/5        EV: 15    Int:  9    God:
Gold:   163        SH:  0    Dex: 18    Spells: 0 memorised, 4 levels left

rFire  + . .     SeeInvis .     w - +2 short sword (venom)
rCold  . . .     Clarity  .     c - +0 leather armour
rNeg   . . .     SustAt   .     (shield restricted)
rPois  .         Gourm    +     (no helmet)
rElec  .         Spirit   .     (no cloak)
rCorr  .         Warding  .     (no gloves)
rMut   .         Stasis   .     (no boots)
MR     .....                    f - amulet of the gourmand
Stlth  ++........               (no ring)
                                p - ring of protection from fire

@: not resistant to hostile enchantments, unstealthy
A: carnivore 3
a: no special abilities


You were on level 3 of the Dungeon.
You were not hungry.

You visited 1 branch of the dungeon, and saw 3 of its levels.

You collected 163 gold pieces.

Inventory:

Hand Weapons
 a - a +1 hand crossbow
 b - a +0 short sword
 i - a +0 dagger
 t - a +0 hunting sling
 w - a +2 short sword of venom (weapon)
 x - a +0 blowgun
Missiles
 d - 2 bolts
 g - 79 stones (quivered)
 k - 5 javelins
 r - 37 poisoned needles
Armour
 c - a +0 leather armour (worn)
Jewellery
 f - an amulet of the gourmand (around neck)
 p - a ring of protection from fire (left hand)
 y - a cursed amulet of inaccuracy {unknown}
Scrolls
 j - a scroll of remove curse {unknown}
 l - a scroll of teleportation {unknown}
 n - 2 scrolls of identify {unknown}
 o - a scroll of enchant armour {unknown}
 u - a scroll of random uselessness {unknown}
Potions
 h - 2 potions of heal wounds {unknown}
 m - 3 potions of curing {unknown}
 s - a potion of haste {unknown}
 v - a potion of might {unknown}
 z - a potion of cure mutation {unknown}
Comestibles
 e - a meat ration
 q - 2 chunks of flesh


   Skills:
 + Level 2.1 Fighting
 * Level 0.6 Short Blades
 * Level 6.6 Crossbows
 + Level 0.7 Armour
 + Level 3.0 Dodging
 + Level 1.7 Stealth


You had 4 spell levels left.
You didn't know any spells.

Dungeon Overview and Level Annotations

Branches:
Dungeon (3/15)

Altars:

Annotations:
D:3 DEFE's ghost, amateur DEFi


Innate Abilities, Weirdness & Mutations

You are small and have problems with some larger weapons.
You are carnivorous and can eat meat at any time.


Message History

DEFE's ghost is lightly damaged.
DEFE's ghost barely misses you.
You hit DEFE's ghost.
DEFE's ghost is moderately damaged.
DEFE's ghost hits you.
You hit DEFE's ghost.
DEFE's ghost is heavily damaged.
DEFE's ghost hits you!
You hit DEFE's ghost.
DEFE's ghost is severely damaged.
DEFE's ghost hits you.
* * * LOW HITPOINT WARNING * * *
You barely miss DEFE's ghost.
DEFE's ghost is severely damaged.
DEFE's ghost hits you.
* * * LOW HITPOINT WARNING * * *
You hit DEFE's ghost but do no damage.
DEFE's ghost is severely damaged.
DEFE's ghost hits you!
You die...

#.
#.......#......####.## .
##..##########.# #...
##.# ##.## ###. ####.###
#.[.#####. ##......##
#......... #........##
#...###..# ....(.....#
#........
((...(....######......##
(....(W@......##.....##
..........###[.......#
.......<..# ####.....#
..........# #.....#
#........## #.....#
##......## #.....#
######## ..##### ..## ##


You could see DEFE's ghost.

Vanquished Creatures
  2 adders
  6 oozes
  3 worms
  2 giant geckos (D:1)
  An orc (D:3)
  6 giant cockroaches
  4 hobgoblins
  4 jackals (D:1)
  5 kobolds
  4 bats
  A giant newt (D:1)
  5 goblins
  A quokka (D:2)
  12 rats
56 creatures vanquished.

Notes
Turn   | Place    | Note
--------------------------------------------------------------
     0 | D:1      | fredomojojo the Kobold Hunter began the quest for the Orb.
     0 | D:1      | Reached XP level 1. HP: 12/12 MP: 1/1
     1 | D:1      | Found a runed door.
    90 | D:1      | Reached skill level 5 in Crossbows
   158 | D:1      | Reached XP level 2. HP: 17/17 MP: 2/2
   566 | D:1      | Reached XP level 3. HP: 21/21 MP: 3/3
   940 | D:1      | Reached skill level 6 in Crossbows
  1007 | D:1      | Reached XP level 4. HP: 12/26 MP: 4/4
  1586 | D:3      | Reached XP level 5. HP: 30/30 MP: 5/5
  1623 | D:3      | Noticed DEFE's ghost (amateur DEFi)
  1634 | D:3      | Mangled by DEFE's ghost

Action                   |  1- 3 |  4- 6 || total
-------------------------+-------+-------++-------
Melee: Short sword       |    58 |    15 ||    73
 Fire: Hand crossbow     |    41 |    35 ||    76
  Eat: Chunk             |       |     2 ||     2
